 Dungeon Crawl Stone Soup version 0.30.0-5-g1a98f26d00 (webtiles) character file.

Game seed: 2132130239428121713

192 hogiebunz the Shooter (level 6, -5/37 HPs)
             Began as a Kobold Hunter on May 10, 2023.
             Killed from afar by an orc wizard (7 damage)
             ... with a magic dart
             ... on level 3 of the Dungeon.
             The game lasted 00:04:00 (2599 turns).

hogiebunz the Shooter (Kobold Hunter)               Turns: 2599, Time: 00:04:01

Health: -5/37      AC:  3    Str:  8    XL:     6   Next: 2%
Magic:  6/6        EV: 16    Int: 10    God:
Gold:   115        SH:  0    Dex: 21    Spells: 5/5 levels left

rFire   . . .        a - +0 shortbow
rCold   . . .        (shield currently unavailable)
rNeg    . . .        c - +0 leather armour
rPois   .            (no helmet)
rElec   .            (no cloak)
rCorr   .            (no gloves)
SInv    .            (no boots)
Will    .....        (no amulet)
Stlth   ++++         (no ring)
HPRegen 0.26/turn    (no ring)
MPRegen 0.10/turn

%: no passive effects
@: no status effects
A: small, no large weapons, nightstalker 3
a: no special abilities


You were on level 3 of the Dungeon.
You visited 1 branch of the dungeon, and saw 3 of its levels.

You collected 115 gold pieces.

Inventory:

Hand Weapons
 a - a +0 shortbow (weapon)
Armour
 c - a +0 leather armour (worn)
Potions
 d - a potion of flight {unknown}
 e - 2 potions of curing
 g - 3 potions of heal wounds {unknown}
 j - a potion of invisibility {unknown}


   Skills:
 + Level 3.4 Fighting
 * Level 7.0 Ranged Weapons
 + Level 3.7 Dodging
 + Level 3.5 Stealth


You had 5 spell levels left.
You didn't know any spells.
Your spell library contained the following spells:

 Spells                   Type           Power      Damage    Failure   Level
 Poisonous Vapours        Pois/Air       0%         N/A       63%         2
 Mephitic Cloud           Conj/Pois/Air  0%         N/A       86%         3
 Freezing Cloud           Conj/Ice/Air   0%         6-21      100%        5


Dungeon Overview and Level Annotations

Branches:
Dungeon (3/15)

Altars:
Xom


Innate Abilities, Weirdness & Mutations

You are small and have problems with some larger weapons.
You are completely attuned to the shadows.


Message History

Something hits you.
You are too confused!
You are too confused!
You clumsily bash something but do no damage.
Something hits you but does no damage. The orc hits you with a +0 club.
The orc completely misses you. Something hits you. The orc misses you.
You bump into the rock wall.
Something hits you. The orc barely misses you.
The orc hits you from afar with a +0 trident.
You bump into the rock wall.
Something hits you. The orc misses you. The orc completely misses you.
You clumsily bash the orc but do no damage.
The orc is heavily wounded.
You feel less confused. Something hits you. The orc hits you with a +0 club.
The orc hits you but does no damage.
You shoot an arrow. The arrow hits the orc!
You kill the orc!
Something hits you. The orc hits you but does no damage.
You shoot an arrow.
You hear some strange, mumbled words.
A puff of flame appears from out of thin air!
The puff of flame hits you.
* * * LOW HITPOINT WARNING * * *
The orc barely misses you.
You shoot an arrow. Something hits you.
* * * LOW HITPOINT WARNING * * *
The orc misses you. x2; Something barely misses you.
You shoot an arrow.
You hear some strange, mumbled words.
A magic dart appears from out of thin air!
The magic dart hits you.
* * * LOW HITPOINT WARNING * * *
The orc hits you from afar with a +0 trident.
* * * LOW HITPOINT WARNING * * *
As you read the scroll of immolation, it crumbles to dust.
The creatures around you are filled with an inner flame!
You hear some strange, mumbled words.
A magic dart appears from out of thin air!
The magic dart hits you!
You die...

#######
#.#.#.# #
#.#^#^# #
#.#...###
#######
#.'._)'.#
......#
#.#...#.#
......#
#.#.#^#.#
......#
###.#.#†#
......#
#####.#
......#
#)@#
.....)#
<.oo{##
......#
..####
#.##### .
†.# .##
..## #
...##..
).....#


You could see 2 orcs.

Vanquished Creatures
  3 crimson imps (D:3)
  3 adders
  3 dart slugs
  An orc (D:3)
  6 endoplasms
  4 giant cockroaches
  5 hobgoblins
  A quokka (D:2)
  9 ball pythons
  5 bats
  2 frilled lizards
  5 goblins
  4 kobolds
  4 rats
55 creatures vanquished.

Notes
Turn   | Place    | Note
-------+----------+-------------------------------------------
     0 | D:1      | hogiebunz the Kobold Hunter began the quest for the Orb.
     0 | D:1      | Reached XP level 1. HP: 12/12 MP: 1/1
    57 | D:1      | You fall into a shaft and drop 1 floor!
   265 | D:1      | Reached XP level 2. HP: 17/18 MP: 2/2
   370 | D:1      | Found a faded altar of an unknown god.
   578 | D:1      | Reached XP level 3. HP: 22/22 MP: 3/3
  1155 | D:2      | Reached skill level 6 in Ranged Weapons
  1523 | D:2      | Reached XP level 4. HP: 27/27 MP: 4/4
  2440 | D:3      | Found a shimmering altar of Xom.
  2456 | D:3      | Reached XP level 5. HP: 10/32 MP: 5/5
  2463 | D:3      | Reached XP level 6. HP: 4/37 MP: 6/6
  2584 | D:3      | Reached skill level 7 in Ranged Weapons
  2599 | D:3      | Killed from afar by an orc wizard

Illustrated notes

Levels and vault maps discovered:
D:1:      dpeg_cavernosity, layout_basic, basic_ecumenical_altar,
          kennysheep_crisscross
D:2:      layout_basic
D:3:      layout_loops_cross, led_xom_imps, grunt_dithmenos_smoke_and_mirrors,
          uniq_grinder

Skill      XL: |  1  2  3  4  5  6 |
---------------+-------------------+-----
Stealth        | 2 3 |  3.5
Dodging        | 3 |  3.7
Ranged Weapons | 6 7 |  7.0
Fighting       | 3 |  3.4

Action                     |  1- 3 |  4- 6 || total
---------------------------+-------+-------++-------
  Melee: Shortbow          |       |     3 ||     3
   Fire: Shortbow          |    94 |    69 ||   163
    Use: Scroll            |       |     5 ||     5
         Potion            |       |     1 ||     1
 Armour: Leather armour    |    23 |    14 ||    37
  Dodge: Dodged            |    65 |    46 ||   111
